[Event "Team 45 45 League T65"]
[Site "Internet Chess Club"]
[Date "2015.06.27"]
[Round "4"]
[White "G-force"]
[Black "Pomberito"]
[Result "1-0"]
[WhiteElo "2112"]
[BlackElo "2022"]
[Opening "Queen's Indian: Nimzovich variation (exaggerated fianchetto)"]
[ECO "E15"]
[Time "13:02:12"]
[TimeControl "2700+45"]

1. d4 Nf6 2. c4 e6 3. Nf3 b6 4. g3 Ba6 5. b3 b5 6. cxb5 Bxb5 7. Bg2 d5 8. O-O
Nbd7 9. Nc3 Ba6 10. Re1 Bb4 11. Bd2 O-O 12. a3 Bd6 13. b4 c6 14. e4 Nxe4 15.
Nxe4 dxe4 16. Ng5 Nf6 17. Nxe4 Nd5 18. Qc2 Bb7 19. Ng5 g6 20. Ne4 Be7 21. Nc5
Bxc5 22. dxc5 Qf6 23. Rad1 Rfd8 24. Bc1 Qc3 25. Qe2 a5 26. Bxd5 cxd5 27. Bb2 Qb3
28. Qe5 d4 29. Rxd4 Kf8 30. Rxd8+ Rxd8 31. Qh8+ {Black resigns} 1-0

[Event "Team 45 45 League T65"]
[Site "Internet Chess Club"]
[Date "2015.06.25"]
[Round "4"]
[White "f5"]
[Black "ChessRooklift"]
[Result "1-0"]
[WhiteElo "2096"]
[BlackElo "1896"]
[Opening "Queen's pawn game, Chigorin variation"]
[ECO "A40"]
[Time "17:00:22"]
[TimeControl "2700+45"]

1. d4 Nc6 2. Nf3 d5 3. Bf4 Nf6 4. e3 Nh5 5. Bg3 Nxg3 6. hxg3 Bg4 7. Be2 e6 8.
Nbd2 Be7 9. a3 a6 10. c4 Qd7 11. Rc1 Bf6 12. b4 O-O 13. Qb3 Bxf3 14. Bxf3 Ne7
15. cxd5 exd5 16. Qc2 Qf5 17. Qxf5 Nxf5 18. Rxc7 Rac8 19. Rxc8 Rxc8 20. Ke2 Ne7
21. Kd3 h6 22. Nb3 b6 23. Rc1 Rxc1 24. Nxc1 Kf8 25. Ne2 b5 26. Nc3 Nc8 27. Bxd5
Nd6 28. e4 Bd8 29. e5 Nc8 30. Bb7 {Black resigns} 1-0

[Event "Team 45 45 League T65"]
[Site "Internet Chess Club"]
[Date "2015.06.27"]
[Round "4"]
[White "ChiefPushesWood"]
[Black "Freitac"]
[Result "1/2-1/2"]
[WhiteElo "1817"]
[BlackElo "1825"]
[Opening "King's Indian: East Indian defense"]
[ECO "A48"]
[Time "14:06:37"]
[TimeControl "2700+45"]

1. d4 Nf6 2. Nf3 g6 3. Nc3 d5 4. Bf4 Bg7 5. e3 O-O 6. Be2 c5 7. Ne5 Nc6 8. O-O
cxd4 9. exd4 Qb6 10. Nxc6 Qxc6 11. Re1 a6 12. Bf3 Be6 13. a4 b5 14. axb5 axb5
15. Na2 Ra4 16. c3 Rfa8 17. Nb4 Qb7 18. Rxa4 bxa4 19. Nd3 Ne4 20. Qc2 a3 21.
bxa3 Qc8 22. Bxe4 dxe4 23. Nc5 Rxa3 24. Qxe4 h5 25. Nxe6 Qxe6 26. Qxe6 fxe6 27.
Rc1 Kf7 28. h4 Ke8 29. Be5 Bxe5 30. dxe5 Kd7 31. f4 Kc6 32. Kf2 Kc5 33. Rd1 Rxc3
34. Rd7 Rc2+ 35. Kg3 Kc6 36. Rxe7 Kd5 37. Rg7 Ke4 38. Rxg6 Rc3+ 39. Kh2 Kxf4 40.
g3+ Kxe5 41. Rh6 Kd4 42. Rxe6 Rc5 43. Rg6 Ke4 44. Kh3 Rf5 45. Rg5 {Game drawn by
mutual agreement} 1/2-1/2

[Event "Team 45 45 League T65"]
[Site "Internet Chess Club"]
[Date "2015.06.30"]
[Round "4"]
[White "RdgMx"]
[Black "jonesey"]
[Result "0-1"]
[WhiteElo "1806"]
[BlackElo "1879"]
[Opening "Queen's pawn game"]
[ECO "A46"]
[Time "15:07:08"]
[TimeControl "2700+45"]

1. d4 Nf6 2. Nf3 c5 3. e3 b6 4. Nbd2 Bb7 5. c3 e6 6. Bd3 d5 7. Ne5 Be7 8. Qa4+
Nfd7 9. Ndf3 O-O 10. Nxd7 Nxd7 11. Bb5 Nf6 12. Bc6 Bxc6 13. Qxc6 Qd7 14. Qxd7
Nxd7 15. O-O c4 16. Re1 f5 17. b3 b5 18. Bb2 Rfb8 19. h4 a5 20. g3 Nf6 21. Ne5
Ra6 22. f3 Bd6 23. Kf2 Bxe5 24. dxe5 Nd7 25. f4 Nc5 26. Re2 cxb3 27. Ba3 Ne4+
28. Kf3 Nxc3 29. Rb2 b4 30. Rxb3 Ne4 31. Bc1 Rc6 32. Rd3 Rc2 {White resigns} 0-1

[Event "Team 45 45 League T65"]
[Site "Internet Chess Club"]
[Date "2015.06.23"]
[Round "4"]
[White "Colombiano07"]
[Black "ArturitoGalacti"]
[Result "0-1"]
[WhiteElo "1866"]
[BlackElo "1981"]
[Opening "Dutch, 2.Bg5 variation"]
[ECO "A80"]
[Time "23:01:11"]
[TimeControl "2700+45"]

1. d4 f5 2. Bg5 h6 3. Bh4 g5 4. Bg3 Nf6 5. e3 d6 6. Be2 g4 7. h3 Bg7 8. hxg4
fxg4 9. Qd3 Be6 10. Qg6+ Kf8 11. Nc3 Bf7 12. Qd3 Nc6 13. O-O-O a6 14. e4 Nb4 15.
Qe3 h5 16. Kb1 Bh6 17. Bf4 Bg7 18. a3 a5 19. axb4 axb4 20. e5 bxc3 21. exf6 Ra1+
22. Kxa1 Qa8+ 23. Kb1 Qa2+ 24. Kc1 Qa1# {White checkmated} 0-1

[Event "Team 45 45 League T65"]
[Site "Internet Chess Club"]
[Date "2015.06.26"]
[Round "4"]
[White "jt2000"]
[Black "PoisonPawn"]
[Result "0-1"]
[WhiteElo "2082"]
[BlackElo "2126"]
[Opening "Sicilian: Taimanov (Bastrikov) variation"]
[ECO "B47"]
[Time "20:05:30"]
[TimeControl "2700+45"]

1. e4 c5 2. Nf3 e6 3. d4 cxd4 4. Nxd4 Nc6 5. Nc3 Qc7 6. Be2 a6 7. O-O Nf6 8.
Nxc6 bxc6 9. f4 d5 10. e5 Nd7 11. Bg4 Be7 12. Qf3 O-O 13. Qg3 Nc5 14. f5 exf5
15. Bxf5 Bxf5 16. Rxf5 Ne6 17. Ne2 Kh8 18. Be3 Bc5 19. Bxc5 Nxc5 20. Raf1 Ne4
21. Qe3 Rae8 22. Qd4 g6 23. R5f4 Kg8 24. Qa4 Qxe5 25. Qxc6 Nd2 26. R1f2 Qxb2 27.
h3 Qa1+ 28. Kh2 Qe5 29. Ng3 Re6 30. Qb7 Ne4 31. Nxe4 dxe4 32. g3 f5 {White
resigns} 0-1

[Event "Team 45 45 League T65"]
[Site "Internet Chess Club"]
[Date "2015.06.27"]
[Round "4"]
[White "WCourson"]
[Black "cysk"]
[Result "1/2-1/2"]
[WhiteElo "1787"]
[BlackElo "1818"]
[Opening "Scandinavian: Pytel-Wade variation"]
[ECO "B01"]
[Time "08:15:32"]
[TimeControl "2700+45"]

1. e4 d5 2. exd5 Qxd5 3. Nc3 Qd6 4. Bc4 Nf6 5. d3 a6 6. Nge2 b5 7. Bb3 Bb7 8. f3
e6 9. O-O Be7 10. Be3 O-O 11. Ne4 Nxe4 12. dxe4 Qd8 13. Qxd8 Rxd8 14. Rfd1 Nd7
15. Rd2 Nc5 16. Rad1 Nxb3 17. cxb3 Rxd2 18. Rxd2 Rd8 19. Rxd8+ Bxd8 20. b4 Be7
21. a3 f5 22. e5 Bd5 23. f4 Bc4 24. Nd4 Bd5 25. g3 c5 26. bxc5 Bxc5 27. Nxf5
Bxa3 28. bxa3 exf5 29. Bb6 {Game drawn by mutual agreement} 1/2-1/2

[Event "Team 45 45 League T65"]
[Site "Internet Chess Club"]
[Date "2015.06.26"]
[Round "4"]
[White "Goli"]
[Black "frank001"]
[Result "0-1"]
[WhiteElo "1706"]
[BlackElo "1812"]
[Opening "French: exchange variation"]
[ECO "C01"]
[Time "12:56:55"]
[TimeControl "2700+45"]

1. e4 e6 2. d4 d5 3. exd5 exd5 4. Bd3 c5 5. c3 cxd4 6. cxd4 Nc6 7. Nf3 Bd6 8. h3
Nge7 9. O-O O-O 10. Re1 h6 11. Nc3 Be6 12. a3 Rc8 13. Be3 Qd7 14. Rc1 Bf5 15. b4
a6 16. Bxf5 Qxf5 17. Na4 Rfd8 18. Nc5 Bxc5 19. dxc5 Ng6 20. Nd4 Qd7 21. Rc3 Nce5
22. Bc1 Nc4 23. Rg3 Re8 24. Rf1 Re5 25. f4 Re4 26. f5 Qc7 27. Qf3 Nge5 28. Qc3
Kh7 29. Nf3 f6 30. Nd4 Rg8 31. Ne6 Qc6 32. Rd1 b6 33. Rd4 bxc5 34. Nxc5 Re2 35.
Kf1 Ra2 36. Rh4 a5 37. Ne6 axb4 38. axb4 Nd6 39. Qxc6 Nxc6 40. Rc3 Ne7 41. Rc7
Nexf5 42. Rg4 h5 43. Rf4 Re8 44. Nd4 Kg6 45. Nxf5 Nxf5 46. g4 Ng3+ 47. Kg1 Re1+
48. Rf1 Rxf1# {White checkmated} 0-1

[Event "Team 45 45 League T65"]
[Site "Internet Chess Club"]
[Date "2015.07.01"]
[Round "4"]
[White "CaoCao"]
[Black "alexping"]
[Result "0-1"]
[WhiteElo "1948"]
[BlackElo "1920"]
[Opening "French: Winawer, advance, Rauzer variation"]
[ECO "C17"]
[Time "12:38:54"]
[TimeControl "2700+45"]

1. e4 e6 2. d4 d5 3. Nc3 Bb4 4. e5 c5 5. a3 cxd4 6. axb4 dxc3 7. Nf3 Ne7 8. Bd3
Nd7 9. O-O Nc6 10. Re1 Nxb4 11. bxc3 Nxd3 12. cxd3 O-O 13. Be3 b6 14. d4 Qc7 15.
Qd3 Qc4 16. Qc2 Re8 17. Reb1 Bb7 18. Rb4 Qc6 19. Bd2 a5 20. Rb2 Ba6 21. Ng5 Nf8
22. Qb1 Qc7 23. Rxb6 Reb8 24. Rxb8 Rxb8 25. Qd1 Bc4 26. h4 Bb3 27. Qf3 h6 28.
Nh3 a4 29. Qg3 Kh8 30. Nf4 Nh7 31. Nd3 Ra8 32. Nc5 Qc6 33. Qf3 Kg8 34. Bc1 Nf8
35. Qg4 Kh8 36. Qh5 Kg8 37. Ba3 Nd7 38. Nxd7 Qxd7 39. Re1 Bc2 40. Qe2 Bb3 41.
Qd2 Qd8 42. Re3 Qxh4 43. Rh3 Qg5 44. f4 Qg4 45. Rf3 Bc4 46. Qb2 Bb3 47. Qf2 Rb8
48. Rg3 Qd1+ 49. Kh2 Bc2 50. Bb4 Bf5 51. Rf3 Ra8 52. Qh4 a3 53. Rg3 Bg6 {White
forfeits on time} 0-1

[Event "Team 45 45 League T65"]
[Site "Internet Chess Club"]
[Date "2015.06.28"]
[Round "4"]
[White "bobhill"]
[Black "achessman"]
[Result "1-0"]
[WhiteElo "1977"]
[BlackElo "1906"]
[Opening "Queen's pawn game"]
[ECO "D02"]
[Time "21:02:34"]
[TimeControl "2700+45"]

1. d4 d5 2. Nf3 e6 3. Bg5 Be7 4. Bxe7 Qxe7 5. e3 Qb4+ 6. Nbd2 Qxb2 7. Bd3 Nf6 8.
O-O O-O 9. Ne5 c5 10. Rb1 Qxa2 11. dxc5 Qa3 12. Nb3 Nbd7 13. Nxd7 Bxd7 14. c3
Ba4 15. Bc2 Bxb3 16. Rxb3 Qxc5 17. Qe2 a5 18. Rc1 Rfb8 19. g4 b5 20. g5 Qc4 21.
Bd3 Qxb3 22. gxf6 g6 23. e4 Qa3 24. Qd2 Qf8 25. h4 h5 26. Kh1 Kh7 27. e5 Qh6 28.
Qc2 Qf4 29. Rg1 Qxh4+ 30. Kg2 Rg8 31. Kf1 Qf4 32. Qe2 b4 33. Qxh5+ Qh6 34. Qxh6+
Kxh6 35. f4 Kh5 36. Be2+ Kh4 37. Kg2 g5 38. Rh1# {Black checkmated} 1-0

[Event "Team 45 45 League T65"]
[Site "Internet Chess Club"]
[Date "2015.06.27"]
[Round "4"]
[White "cityprosecutor"]
[Black "Beetlejuice"]
[Result "0-1"]
[WhiteElo "1807"]
[BlackElo "1848"]
[Opening "Sicilian defense"]
[ECO "B20"]
[Time "07:17:57"]
[TimeControl "2700+45"]

1. e4 c5 2. d3 Nc6 3. g3 g6 4. f4 Bg7 5. c3 d6 6. Bg2 Nf6 7. Nf3 O-O 8. O-O Rb8
9. a4 a6 10. Qc2 Qc7 11. Na3 b5 12. axb5 axb5 13. Qe2 b4 14. Nc2 bxc3 15. bxc3
Bd7 16. d4 cxd4 17. cxd4 Na5 18. Nd2 {White resigns} 0-1

[Event "Team 45 45 League T65"]
[Site "Internet Chess Club"]
[Date "2015.06.27"]
[Round "4"]
[White "chess2009"]
[Black "ghostfire"]
[Result "0-1"]
[WhiteElo "1766"]
[BlackElo "1749"]
[Opening "Ruy Lopez: closed, Chigorin, 12...Nc6"]
[ECO "C98"]
[Time "22:00:56"]
[TimeControl "2700+45"]

1. e4 e5 2. Nf3 Nc6 3. Bb5 a6 4. Ba4 Nf6 5. O-O Be7 6. Re1 b5 7. Bb3 d6 8. c3
O-O 9. h3 Na5 10. Bc2 c5 11. d4 Qc7 12. Nbd2 Nc6 13. Nf1 cxd4 14. cxd4 Bb7 15.
dxe5 dxe5 16. Ng3 Rad8 17. Qe2 Bb4 18. Bd2 Bxd2 19. Nxd2 Nd4 20. Qd1 Qxc2 21.
Rb1 Qxd1 22. Rbxd1 Rd7 23. f3 Rfd8 24. Rc1 g6 25. Rc5 Nc6 26. Nb3 Rd1 27. Kf1
Rxe1+ 28. Kxe1 Nd7 29. Rc3 a5 30. a3 a4 31. Nd2 Rc8 32. Rd3 Nd4 33. b3 Nc5 34.
Rc3 axb3 35. Ne2 b2 36. Nxd4 exd4 37. Rc2 Nd3+ 38. Kd1 Nf2+ {White resigns} 0-1

[Event "Team 45 45 League T65"]
[Site "Internet Chess Club"]
[Date "2015.06.27"]
[Round "4"]
[White "bondguy01"]
[Black "soccerisfun"]
[Result "1-0"]
[WhiteElo "1797"]
[BlackElo "1787"]
[Opening "Giuoco Piano"]
[ECO "C54"]
[Time "12:01:07"]
[TimeControl "2700+45"]

1. e4 e5 2. Nf3 Nc6 3. Bc4 Bc5 4. c3 Nf6 5. d3 d5 6. exd5 Nxd5 7. Qb3 Be6 8.
Qxb7 Nde7 9. Qb5 Qd6 10. Bxe6 fxe6 11. O-O O-O 12. Nbd2 Rab8 13. Qc4 Na5 14. Qe4
Ng6 15. b4 Bxb4 16. cxb4 Rxb4 17. Qe3 Rg4 18. Ne4 Qd5 19. h3 Rgf4 20. Qe2 Rxf3
21. gxf3 Nh4 22. Kh1 Rxf3 23. Kg1 Rxd3 24. Qg4 Ng6 25. Be3 Nc4 26. Rab1 Nb6 27.
h4 Kh8 28. Rfd1 Nf8 29. Rxd3 Qxd3 30. Rd1 Qa3 31. Bc5 Qa4 32. Bxf8 {Black
resigns} 1-0

[Event "Team 45 45 League T65"]
[Site "Internet Chess Club"]
[Date "2015.06.24"]
[Round "4"]
[White "supermonkey"]
[Black "beitmery"]
[Result "1-0"]
[WhiteElo "1737"]
[BlackElo "1665"]
[Opening "French: Tarrasch"]
[ECO "C03"]
[Time "14:31:57"]
[TimeControl "2700+45"]

1. e4 e6 2. d4 d5 3. Nd2 dxe4 4. Nxe4 Nf6 5. Bg5 Be7 6. Bxf6 gxf6 7. Nf3 b6 8.
c4 Bb7 9. Nc3 Nc6 10. d5 exd5 11. cxd5 Ne5 12. Nxe5 fxe5 13. Bb5+ Kf8 14. Qh5
Bxd5 15. O-O-O Bg5+ 16. Kb1 Bxa2+ 17. Kxa2 Qe7 18. Nd5 Qc5 19. Qxg5 Qxb5 20.
Qe7+ Kg7 21. Qxe5+ Kg8 {Black resigns} 1-0

[Event "Team 45 45 League T65"]
[Site "Internet Chess Club"]
[Date "2015.06.25"]
[Round "4"]
[White "JefferyChess"]
[Black "jon314159"]
[Result "0-1"]
[WhiteElo "1770"]
[BlackElo "1579"]
[Opening "Ruy Lopez: Berlin defense, 4.O-O, d6"]
[ECO "C66"]
[Time "15:00:11"]
[TimeControl "2700+45"]

1. e4 e5 2. Nf3 Nc6 3. Bb5 d6 4. O-O Nf6 5. Re1 Be7 6. h3 O-O 7. c3 Bd7 8. d4
Nb8 9. Bc4 exd4 10. cxd4 Be6 11. d5 Bd7 12. Nc3 c6 13. Bf4 cxd5 14. Nxd5 Nxd5
15. Bxd5 Bc6 16. Bxc6 bxc6 17. Qd2 Qc7 18. Red1 Rd8 19. Qc3 Nd7 20. Rd2 Nc5 21.
Qc2 Ne6 22. Bg3 Rac8 23. Rad1 c5 24. b3 Qb6 25. Qd3 h6 26. Qc4 Nc7 27. Nh4 Bxh4
28. Bxh4 Rd7 29. Bg3 Rcd8 30. f3 Qc6 31. Rd3 Ne6 32. Qd5 Qb6 33. Qc4 Qc6 34.
R1d2 Kf8 35. Qc2 d5 36. exd5 Rxd5 37. Qc4 Nd4 38. Kh1 Qg6 39. Bf2 Nxf3 40. Rxd5
Qb1+ 41. Rd1 Qxd1+ {White resigns} 0-1

[Event "Team 45 45 League T65"]
[Site "Internet Chess Club"]
[Date "2015.06.27"]
[Round "4"]
[White "TINAyoufatlard"]
[Black "hondocando"]
[Result "1-0"]
[WhiteElo "1860"]
[BlackElo "1526"]
[Opening "Nimzo-Indian defense"]
[ECO "E20"]
[Time "18:00:35"]
[TimeControl "2700+45"]

1. c4 Nf6 2. d4 e6 3. Nc3 Bb4 4. Bd2 O-O 5. Nf3 Qe7 6. a3 Bxc3 7. Bxc3 Ne4 8. e3
Nxc3 9. bxc3 b6 10. Bd3 Bb7 11. O-O d6 12. Nd2 Nd7 13. Qc2 f5 14. e4 f4 15. f3
e5 16. a4 a5 17. Rab1 h5 18. Rfd1 h4 19. h3 Qg5 20. Nb3 Bc8 21. Kf1 Rf6 22. Rb2
Rg6 23. c5 Qg3 24. Bc4+ Kf8 25. cxd6 cxd6 26. Qf2 Qh2 27. Qg1 Qg3 28. Nc1 Nf6
29. Ne2 Qg5 30. Rxb6 Nh5 31. Bd5 Ng3+ 32. Nxg3 Qxg3 33. Bxa8 Bxh3 34. Rb8+ Ke7
35. Rd2 Qxf3+ 36. Qf2 Bxg2+ 37. Ke1 Qh3 38. dxe5 Qh1+ 39. Ke2 Bf1+ 40. Qxf1 Rg2+
41. Qxg2 Qxg2+ 42. Kd3 Qf1+ 43. Kc2 dxe5 44. Rb7+ Kf6 45. Rd6+ Kg5 46. Rxg7+ Kh5
47. Bc6 Qe2+ 48. Kb3 h3 49. Be8+ Kh4 50. Rh6+ {Black resigns} 1-0

[Event "Team 45 45 League T65"]
[Site "Internet Chess Club"]
[Date "2015.06.28"]
[Round "4"]
[White "GideonL"]
[Black "skuhl99"]
[Result "1/2-1/2"]
[WhiteElo "1527"]
[BlackElo "1432"]
[Opening "King's pawn opening"]
[ECO "B07"]
[Time "13:00:26"]
[TimeControl "2700+45"]

1. e4 d6 2. Nf3 Nf6 3. d3 g6 4. Bf4 Bg7 5. Nc3 c5 6. Be2 a6 7. O-O Qb6 8. Rb1
Nc6 9. b3 Qa5 10. Nd5 Nxd5 11. exd5 Nd4 12. Nxd4 Bxd4 13. a4 h6 14. Bd2 Qc7 15.
c3 Bg7 16. c4 Bf5 17. Be3 O-O 18. Bg4 Bd7 19. Bxd7 Qxd7 20. Qd2 Kh7 21. f4 b5
22. axb5 axb5 23. d4 b4 24. dxc5 Bc3 25. Qf2 dxc5 26. Bxc5 Ra5 27. Bb6 Ra6 28.
Bd4 Bxd4 29. Qxd4 Rb8 30. Qe4 e6 31. Rfd1 Qa7+ 32. Kh1 exd5 33. Qxd5 Ra5 34. Qd7
Rb7 35. Qe8 Re7 36. Qf8 Qe3 37. Qd8 Ra2 38. Qd4 Qe2 39. Qg1 Qc2 40. Rbc1 Qxb3
41. Qc5 Qb2 42. Rg1 Re2 43. Qd5 Kg7 44. c5 Rd2 45. Qe5+ Qxe5 46. fxe5 Rac2 47.
c6 Rxc1 48. Rxc1 Rd8 49. c7 Rc8 50. g3 Kf8 51. Rc4 b3 52. Rb4 Rxc7 53. Rxb3
{Game drawn by mutual agreement} 1/2-1/2

[Event "Team 45 45 League T65"]
[Site "Internet Chess Club"]
[Date "2015.06.27"]
[Round "4"]
[White "mkoga"]
[Black "sdcohle"]
[Result "0-1"]
[WhiteElo "1431"]
[BlackElo "1431"]
[Opening "French: advance, Nimzovich system"]
[ECO "C02"]
[Time "14:00:34"]
[TimeControl "2700+45"]

1. e4 e6 2. d4 d5 3. e5 c5 4. Nf3 Qb6 5. Nc3 Bd7 6. Be2 Ne7 7. dxc5 Qxc5 8. Be3
Qc7 9. O-O Ng6 10. Nb5 Bxb5 11. Bxb5+ Nc6 12. Bd4 Be7 13. Re1 O-O 14. Bc3 Rad8
15. Qd2 a6 16. Bxc6 Qxc6 17. Nd4 Qc7 18. a3 Rc8 19. g3 Nxe5 20. Kg2 Ng6 21. Rac1
Bf6 22. f4 Rfe8 23. Nf3 Bxc3 24. Qxc3 Qxc3 25. bxc3 Rxc3 26. a4 Rec8 27. Nd4
R8c4 28. Ne2 Rxc2 29. Rxc2 Rxc2 30. Kh3 Rc4 31. a5 Rc5 32. Nd4 Ne7 33. f5 Kf8
34. fxe6 f6 35. Rb1 Rc7 36. Rb6 Nc6 37. Nxc6 bxc6 38. Rxa6 Ke7 39. Rb6 Kxe6 40.
a6 Kd7 41. Kg4 c5 42. Kf4 d4 43. Ke4 f5+ 44. Kd5 d3 45. Rd6+ Kc8 46. Kc4 Kb8 47.
Rxd3 Ka7 48. Rd5 g6 49. Rxc5 Rxc5+ 50. Kxc5 Kxa6 51. Kd5 Kb6 52. Ke6 Kc6 53. Kf6
Kd5 54. Kg7 g5 55. Kxh7 f4 56. gxf4 gxf4 57. h4 f3 58. Kg6 f2 59. h5 f1=Q 60. h6
Qf8 61. h7 Qh8 62. Kh6 Ke5 63. Kg6 Ke6 64. Kh6 Kf7 65. Kg5 {White resigns} 0-1

[Event "Team 45 45 League T65"]
[Site "Internet Chess Club"]
[Date "2015.06.25"]
[Round "4"]
[White "shaunlewis"]
[Black "chips"]
[Result "1-0"]
[WhiteElo "1186"]
[BlackElo "1197"]
[Opening "Queen's pawn: English defense"]
[ECO "A40"]
[Time "06:02:48"]
[TimeControl "2700+45"]

1. d4 b6 2. c4 Bb7 3. Nc3 d5 4. e4 dxe4 5. d5 e6 6. g3 exd5 7. cxd5 Bb4 8. Qa4+
Qd7 9. Qxb4 Bxd5 10. Bg2 Nf6 11. Bg5 c5 12. Qa4 Bc6 13. Qc4 O-O 14. Bxf6 gxf6
15. Bxe4 Bxe4 16. Qxe4 Rd8 17. Qxa8 Qd2+ 18. Kf1 Qxb2 19. Rd1 Rxd1+ 20. Nxd1 Qe5
21. Nf3 Qd6 22. Nb2 Kg7 23. Qxa7 Nd7 24. Kg2 Qc6 25. Re1 Ne5 26. Re3 Ng4 27. Rd3
Ne5 28. Rc3 Ng6 29. Nc4 b5 30. Na5 Qe6 31. Nb7 Qg4 32. Qb8 h5 33. h3 Nf4+ 34.
Qxf4 {Black resigns} 1-0

[Event "Team 45 45 League T65"]
[Site "Internet Chess Club"]
[Date "2015.06.28"]
[Round "4"]
[White "unclevinny"]
[Black "Mitochondria"]
[Result "1-0"]
[WhiteElo "1584"]
[BlackElo "1489"]
[Opening "French: Tarrasch, closed variation"]
[ECO "C05"]
[Time "17:01:05"]
[TimeControl "2700+45"]

1. e4 e6 2. d4 d5 3. Nd2 Nf6 4. e5 Nfd7 5. Ngf3 c5 6. c3 Nc6 7. Nb3 Qb6 8. Be2
cxd4 9. cxd4 f6 10. exf6 Nxf6 11. O-O Bd7 12. Be3 h6 13. Ne5 Qd8 14. Ng6 Rg8 15.
Nxf8 Rxf8 16. Nc5 b6 17. Nxd7 Qxd7 18. Qa4 O-O-O 19. Bb5 Kb7 20. Rac1 Rc8 21.
Ba6+ Ka8 22. Bxc8 Rxc8 23. f3 g5 24. Rc3 Qb7 25. Rfc1 b5 26. Qc2 {Black resigns}
1-0

[Event "Team 45 45 League T65"]
[Site "Internet Chess Club"]
[Date "2015.06.24"]
[Round "4"]
[White "AlPearson"]
[Black "jjaillet2007"]
[Result "1/2-1/2"]
[WhiteElo "1441"]
[BlackElo "1360"]
[Opening "QGD: Neo-orthodox variation, 7.Bh4"]
[ECO "D56"]
[Time "20:12:40"]
[TimeControl "2700+45"]

1. d4 d5 2. c4 e6 3. Nc3 Nf6 4. Bg5 Be7 5. Nf3 h6 6. Bh4 O-O 7. e3 c5 8. Bd3 Nc6
9. O-O cxd4 10. Nxd4 Ne5 11. Bxf6 Bxf6 12. cxd5 exd5 13. Bf5 Nc4 14. Bxc8 Rxc8
15. b3 Nb6 16. Rc1 Be5 17. Qd2 Qh4 18. Nf3 Qe7 19. Nxe5 Qxe5 20. Rc2 Rc6 21.
Rfc1 Rfc8 22. b4 a6 23. a4 Nc4 24. Qd4 Qxd4 25. exd4 Rd8 26. b5 axb5 27. axb5
Rf6 28. Na4 b6 29. Nb2 Na3 30. Rc8 Rd6 31. R8c7 Nxb5 32. Rb7 Nxd4 33. Rcc7 Rf6
34. Kf1 Nb5 35. Re7 d4 36. Nd3 Nc3 37. Ke1 Re6+ 38. Rxe6 fxe6 39. Rxb6 Kf7 40.
Kd2 Ne4+ 41. Ke2 Rd6 42. Rb7+ Kf6 43. f3 Nc3+ 44. Kd2 g5 45. Rc7 Nd5 46. Rh7 Kg6
47. Rh8 Nf4 48. g3 Nxd3 49. Kxd3 e5 50. Rg8+ Kf5 51. Rf8+ Rf6 52. Rxf6+ Kxf6 53.
Ke4 h5 54. f4 gxf4 55. gxf4 exf4 56. Kxf4 d3 57. Ke3 Kf5 58. Kxd3 Kg4 59. Ke2
Kh3 60. Kf2 Kxh2 61. Kf1 h4 62. Kf2 h3 63. Kf1 Kg3 64. Kg1 {Game drawn by mutual
agreement} 1/2-1/2

[Event "Team 45 45 League T65"]
[Site "Internet Chess Club"]
[Date "2015.06.28"]
[Round "4"]
[White "kingsrook"]
[Black "chuckh2"]
[Result "0-1"]
[WhiteElo "1244"]
[BlackElo "1439"]
[Opening "Grünfeld: exchange variation"]
[ECO "D85"]
[Time "12:30:47"]
[TimeControl "2700+45"]

1. d4 Nf6 2. c4 g6 3. Nc3 d5 4. cxd5 Nxd5 5. e4 Nxc3 6. bxc3 c5 7. Nf3 Bg7 8. h3
O-O 9. Bc4 cxd4 10. cxd4 Nc6 11. Be3 Qa5+ 12. Qd2 Qxd2+ 13. Kxd2 Rd8 14. Ke2 a6
15. Rad1 b5 16. Bb3 e6 17. e5 Na5 18. Rc1 Nxb3 19. axb3 Rd7 20. Rc2 h6 21. Rhc1
Bb7 22. Rc7 Rxc7 23. Rxc7 Bd5 24. b4 Rb8 25. Bd2 Bf8 26. Ra7 Rb6 27. Rc7 Kg7 28.
Ke3 Rc6 29. Rxc6 Bxc6 30. Bc3 Be7 31. g4 Bd5 32. h4 Bd8 33. Bd2 Bxf3 34. Kxf3
Bxh4 35. Kg2 f6 36. f3 fxe5 37. dxe5 Bd8 38. Bc3 Bc7 39. f4 Kf7 40. Kf3 Ke7 41.
Bd2 h5 42. g5 Kd7 43. Be1 Kc6 44. Ke4 Bb6 45. Bd2 Bf2 46. Kf3 Bg1 47. Kg2 Bc5
48. bxc5 Kxc5 49. Be3+ Kc4 50. Kf2 b4 51. Ke2 b3 52. Kd2 a5 53. Kc1 a4 54. Kb2
Kd3 55. Bc1 h4 {White resigns} 0-1

[Event "Team 45 45 League T65"]
[Site "Internet Chess Club"]
[Date "2015.06.25"]
[Round "4"]
[White "Zyme"]
[Black "WzeroMN"]
[Result "1-0"]
[WhiteElo "1335"]
[BlackElo "1119"]
[Opening "Nimzo-Indian defense"]
[ECO "E20"]
[Time "16:05:00"]
[TimeControl "2700+45"]

1. d4 Nf6 2. c4 e6 3. Nc3 Bb4 4. Bd2 Nc6 5. a3 Bxc3 6. Bxc3 d5 7. e3 O-O 8. Nf3
a5 9. b4 Ne4 10. Bb2 b6 11. b5 Ne7 12. Bd3 Bb7 13. Nd2 Nf6 14. Rc1 dxc4 15. Bf1
Bd5 16. Nxc4 Bxc4 17. Rxc4 Ned5 18. Bd3 Qe8 19. Rc6 Qd7 20. O-O Ne7 21. Rc3 Ned5
22. Rc1 Rfc8 23. Qe2 Re8 24. Bb1 Qd6 25. Qc2 Ng4 26. g3 Rec8 27. Qxh7+ Kf8 28.
Qh8+ Ke7 29. Qh4+ Ndf6 30. e4 Rh8 31. e5 Qd5 32. exf6+ gxf6 33. Qxg4 Rhg8 34.
Rxc7+ Kd6 35. Qf4+ e5 36. Rc6+ Kd7 37. dxe5 Qxe5 38. Bxe5 {Black resigns} 1-0

[Event "Team 45 45 League T65"]
[Site "Internet Chess Club"]
[Date "2015.06.30"]
[Round "4"]
[White "rubo"]
[Black "wildcat2023"]
[Result "1-0"]
[WhiteElo "1692"]
[BlackElo "1428"]
[Opening "Sicilian: Grand Prix attack, Schofman variation"]
[ECO "B23"]
[Time "15:50:43"]
[TimeControl "2700+45"]

1. e4 c5 2. Nc3 g6 3. f4 Bg7 4. Nf3 Nc6 5. Bc4 e6 6. f5 Nge7 7. fxe6 fxe6 8. d3
a6 9. a4 d5 10. Ba2 d4 11. Ne2 e5 12. Ng5 Rf8 13. Nxh7 Rh8 14. Ng5 Rf8 15. Ng1
Nb4 16. Be6 Qa5 17. Bd2 Bh6 18. N1f3 Rxf3 19. Qxf3 Bxg5 20. Qf7+ Kd8 21. Bxg5
Bxe6 22. Qxe7+ Kc8 23. Qxe6+ Kb8 24. Qxe5+ Ka7 25. O-O Nxc2 26. Be7 {Black
resigns} 1-0

[Event "Team 45 45 League T65"]
[Site "Internet Chess Club"]
[Date "2015.06.25"]
[Round "4"]
[White "Chaitanyaann"]
[Black "nosir"]
[Result "1-0"]
[WhiteElo "1410"]
[BlackElo "1477"]
[Opening "French: advance, Euwe variation"]
[ECO "C02"]
[Time "18:01:06"]
[TimeControl "2700+45"]

1. e4 e6 2. d4 d5 3. e5 c5 4. c3 Nc6 5. Nf3 Bd7 6. Bd3 cxd4 7. cxd4 Nge7 8. Nc3
Ng6 9. a3 f6 10. exf6 gxf6 11. O-O Qc7 12. Re1 O-O-O 13. b4 Nf4 14. Nb5 Qb8 15.
Bxf4 Qxf4 16. Rc1 Kb8 17. Be2 Bd6 18. g3 Rhg8 19. Kh1 Qh6 20. Nxd6 Be8 21. Nxe8
Rdxe8 22. Bb5 Rc8 23. Rxe6 Nd8 24. Rxc8+ Kxc8 25. Rd6 Qh5 26. Rxf6 Nf7 27. Qd3
Kb8 28. Qf5 {Black resigns} 1-0

[Event "Team 45 45 League T65"]
[Site "Internet Chess Club"]
[Date "2015.06.25"]
[Round "4"]
[White "Jiawen5"]
[Black "SeniorCitizen"]
[Result "0-1"]
[WhiteElo "1177"]
[BlackElo "1402"]
[Opening "French: advance, Nimzovich system"]
[ECO "C02"]
[Time "06:00:28"]
[TimeControl "2700+45"]

1. e4 e6 2. d4 d5 3. e5 c5 4. Nf3 Nc6 5. Be3 Qb6 6. b3 cxd4 7. Nxd4 Bc5 8. Nxc6
Bxe3 9. Nxa7 Bxf2+ 10. Ke2 Qe3# {White checkmated} 0-1